 Dungeon Crawl Stone Soup version 0.30-a0-557-ge2afbf3030 (webtiles) character file.

Game seed: 12282687249876105627

380 Shayle the Ducker (level 6, 0/36 (38) HPs)
             Began as a Tengu Reaver on Dec 27, 2022.
             Was a Follower of Kikubaaqudgha.
             Slain by a wight
             ... wielding a +0 falchion
              (9 damage)
             ... on level 4 of the Dungeon.
             The game lasted 00:09:09 (2803 turns).

Shayle the Ducker (Tengu Reaver)                    Turns: 2803, Time: 00:09:10

HP:   0/36 (38)     AC:  4    Str: 12    XL:     6   Next: 75%
MP:   10/10         EV: 15    Int: 15    God:    Kikubaaqudgha [*.....]
Gold: 166           SH:  3    Dex: 13    Spells: 4/9 levels left

rFire   . . .      SeeInvis .    o - +0 trident
rCold   . . .      Faith    .    v - +0 buckler
rNeg    . . .      Spirit   .    b - +0 leather armour
rPois   .          Reflect  .    (helmet restricted)
rElec   .          Harm     .    x - +0 cloak
rCorr   .          Rampage  .    (no gloves)
Will    .....                    (boots unavailable)
Stlth   +                        (no amulet)
HPRegen 0.26/turn                (no ring)
MPRegen 0.12/turn                (no ring)

@: flying quickly and evasively, drained, quick
A: beak, talons 3, nimble flight
a: Renounce Religion, Unearth Wretches


You were on level 4 of the Dungeon.
You worshipped Kikubaaqudgha.
Kikubaaqudgha was aware of your devotion.
You visited 2 branches of the dungeon, and saw 6 of its levels.

You collected 166 gold pieces.

Inventory:

Hand Weapons
 a - a +0 spear
 o - a +0 trident (weapon)
Missiles
 i - 5 atropa-tipped darts
 k - 4 curare-tipped darts
 w - a throwing net
Armour
 b - a +0 leather armour (worn)
 v - a +0 buckler (worn)
 x - a +0 cloak (worn)
Jewellery
 f - a ring of ice
Wands
 l - a wand of flame (25)
 r - a wand of charming (6)
Scrolls
 e - 5 scrolls of teleportation {unknown}
 h - a scroll of blinking {unknown}
 j - a scroll of torment {unknown}
 m - 2 scrolls of enchant weapon {unknown}
 s - a scroll of identify {unknown}
 u - a scroll of poison {unknown}
 y - a scroll of summoning {unknown}
Potions
 c - a potion of experience {unknown}
 g - 2 potions of flight
 n - a potion of lignification {unknown}
 p - a potion of invisibility
 q - a potion of resistance {unknown}
 t - a potion of degeneration {unknown}


   Skills:
 + Level 4.2 Fighting
 - Level 3.2 Polearms
 + Level 4.6 Dodging
 + Level 2.3 Spellcasting
 - Level 4.0 Conjurations
 + Level 3.8 Necromancy


You had 4 spell levels left.
You knew the following spells:

 Your Spells              Type           Power      Damage    Failure   Level
a - Kiss of Death         Conj/Necr      52%        2d9       8%          1
b - Necrotise             Necr           52%        1d6       8%          1
c - Vampiric Draining     Necr           13%        2d6       24%         3

Your spell library contained the following spells:

 Spells                   Type           Power      Damage    Failure   Level
 Momentum Strike          Conj/Tloc      14%        3d8       26%         2
 Cigotuvi's Dreadful Rot  Necr/Pois/Air  10%        N/A       34%         2
 Hailstorm                Conj/Ice       7%         3d4       45%         3
 Animate Dead             Necr           13%        N/A       61%         4
 Dispel Undead            Necr           13%        3d9       61%         4
 Inner Flame              Hex/Fire       1%         N/A       75%         3
 Cause Fear               Hex            0%         N/A       98%         4
 Death Channel            Necr           6%         N/A       100%        6
 Discord                  Hex            0%         N/A       100%        8


Dungeon Overview and Level Annotations

Branches:
Dungeon (5/15)             Temple (1/1) D:4

Altars:
Ashenzari
Elyvilon
Gozag
Hepliaklqana
Kikubaaqudgha
Okawaru
Xom
Zin


Innate Abilities, Weirdness & Mutations

You have a beak for a mouth.
You have claws for feet.
Your magical nature lets you fly swiftly and evasively.


Message History

The wight freezes you.
You closely miss the wight.
The wight is moderately damaged.
The wight hits you with a +2 short sword of freezing.
You feel drained. The wight freezes you.
The wight hits you with a +2 short sword of freezing!
The wight freezes you.
You hit the wight. You claw the wight.
The wight is severely damaged.
The wight closely misses you.
You puncture the wight!
You destroy the wight!
Kikubaaqudgha accepts your kill.
Your life force feels restored.
You closely miss the wight. You claw the wight, but do no damage.
You peck the wight, but do no damage. The wight misses you.
You hit the wight but do no damage. The wight hits you with a +0 falchion.
* * * LOW HITPOINT WARNING * * *
You feel drained.
* * * LOW HITPOINT WARNING * * *
You hit the wight. Your kick misses the wight.
The wight is lightly damaged.
You block the wight's attack.
You feel much better. The wight hits you with a +0 falchion.
You feel drained.
You hit the wight but do no damage. You claw the wight, but do no damage.
Your peck misses the wight.
The wight is lightly damaged.
The wight misses you. The wight hits you with a +0 falchion!
You hit the wight. You claw the wight. You peck the wight, but do no damage.
The wight is moderately damaged.
The wight hits you with a +0 falchion!
You barely miss the wight. You claw the wight, but do no damage.
The wight is moderately damaged.
The wight hits you with a +0 falchion.
* * * LOW HITPOINT WARNING * * *
You closely miss the wight. You claw the wight, but do no damage.
The wight is moderately damaged.
The wight hits you with a +0 falchion!
You die...
Kikubaaqudgha rasps: "You have failed me!
Welcome... death!"

..# #....#...###.........##
#.###....###.#............#
#.##.....................##
#.###....................# ..#
#).............###...#
..###..............#.#..##
...##.......###.#......####
............###.#z..#..#..##
........##.##...@#..#......##
#.#...####.......######.....#
#.#..#.###..###.##..###..#..####
#............####....#...#(....##
..##..##.#.#..###.⌠._#...#.......
.####.##.###...#.....#...#..##..#
.# #....##....#....##......#####
.## #....###...'...8#.....### ..#
#..#..#...##....##.#..#


You could see a wight.

Vanquished Creatures
  A bullfrog (D:4)
  A wight (D:4)
  A hound (D:4)
  An iguana (D:4)
  An orc wizard (D:3)
  8 adders
  4 gnolls
  2 worms
  3 dart slugs
  5 orcs
  2 bats
  7 endoplasms
  A giant cockroach (D:4)
  3 goblins
  4 hobgoblins
  5 jackals (D:1)
  2 quokkas
  5 ball pythons
  4 frilled lizards
  2 kobolds
  4 rats
66 creatures vanquished.

Notes
Turn   | Place    | Note
-------+----------+-------------------------------------------
     0 | D:1      | Shayle the Tengu Reaver began the quest for the Orb.
     0 | D:1      | Reached XP level 1. HP: 12/12 MP: 4/4
   111 | D:1      | Reached XP level 2. HP: 14/17 MP: 6/6
   196 | D:1      | Reached skill level 1 in Necromancy
   580 | D:2      | Reached XP level 3. HP: 17/22 MP: 7/7
  1260 | D:3      | Reached XP level 4. HP: 27/27 MP: 8/8
  1265 | D:3      | Found a hazy altar of Hepliaklqana.
  1265 | D:3      | Found an ancient bone altar of Kikubaaqudgha.
  1268 | D:3      | Became a worshipper of Kikubaaqudgha
  1686 | D:3      | Found a faded altar of an unknown god.
  1764 | D:3      | Gained mutation: Your magical nature lets you fly swiftly
                  | and evasively. [Tengu growth]
  1764 | D:3      | Reached XP level 5. HP: 32/32 MP: 9/9
  1986 | D:4      | Reached XP level 6. HP: 38/38 MP: 10/10
  2060 | D:4      | Found a broken altar of Ashenzari.
  2075 | D:4      | Reached * piety under Kikubaaqudgha
  2075 | D:4      | Received a gift from Kikubaaqudgha
  2087 | D:4      | Learned a level 1 spell: Necrotise
  2091 | D:4      | Learned a level 3 spell: Vampiric Draining
  2118 | D:4      | Found a staircase to the Ecumenical Temple.
  2153 | Temple   | Entered the Ecumenical Temple
  2576 | D:4      | Found a white marble altar of Elyvilon.
  2576 | D:4      | Found a glowing silver altar of Zin.
  2784 | D:5      | Entered Level 5 of the Dungeon
  2803 | D:4      | Slain by a wight

Illustrated notes

Levels and vault maps discovered:
D:1:      wander_arrival_estate, layout_rooms
D:2:      layout_basic
D:3:      layout_rooms, gammafunk_temple_overflow_elements,
          dreamdust_ecumenical_altar_angels_and_demons
D:4:      layout_cave_pools, cheibrodos_ashenzari_chains,
          gammafunk_temple_overflow_pools, minmay_temple_entry_junction_2,
          minmay_misc_feat_columns
D:5:      layout_cave_pools, uniq_menkaure
Temple:   chequers_temple_sunken

Skill      XL: |  1  2  3  4  5  6 |
---------------+-------------------+-----
Necromancy     | 1 2 3 |  3.8
Dodging        | 3 4 |  4.6
Fighting       | 3 4 |  4.2
Polearms       | |  3.2
Spellcasting   | |  2.3
Conjurations   | |  4.0

Action                   |  1- 3 |  4- 6 || total
-------------------------+-------+-------++-------
Melee: Spear             |    58 |     5 ||    63
       Kick              |    21 |    39 ||    60
       Peck              |     7 |    18 ||    25
       Trident           |       |   129 ||   129
       Punch             |       |     1 ||     1
  Use: Potion            |       |     3 ||     3
 Stab: Sleeping          |     1 |     1 ||     2
Armor: Leather armour    |     8 |    28 ||    36
Dodge: Dodged            |    35 |    90 ||   125
Block: Buckler           |       |     4 ||     4

Table legend: (Time is in decaauts)
 A = Elapsed time spent in this place.
 B = Non-inter-level travel time spent in this place.
 C = Inter-level travel time spent in this place.
 D = Time resting spent in this place.
 E = Time spent auto-exploring this place.
 F = Levels seen in this place.
 G = Mean time per level.
                   A        B        C        D        E       F      G
               +--------+--------+--------+--------+--------+-----+--------+
         Total |   2761 |   2636 |    125 |    205 |   1738 |   6 |  460.2 |
       Dungeon |   2736 |   2621 |    115 |    205 |   1724 |   5 |  547.2 |
        Temple |     25 |     15 |     10 |      0 |     13 |   1 |   25.0 |
               +--------+--------+--------+--------+--------+-----+--------+

Top non-repeatable levels by time:
     D:4: 817 daAuts
     D:2: 749 daAuts
     D:3: 744 daAuts
     D:1: 422 daAuts
  Temple: 25 daAuts
     D:5: 1 daAuts
